 Dungeon Crawl Stone Soup version 0.13-a0-2484-gc765b08 (webtiles) character file.

252 JogiH the Magician (level 5, 0/44 HPs)
             Began as a Djinni Wizard on July 20, 2013.
             Killed from afar by an orc wizard (11 damage)
             ... with a magic dart
             ... on Level 3 of the Dungeon.
             The game lasted 00:14:27 (5286 turns).

JogiH the Magician (Djinni Wizard)                  Turns: 5286, Time: 00:14:27

HP   0/44        AC  2     Str  8      XL: 5   Next: 20%
MP   0/0         EV 15     Int 19      God:
Gold 89          SH  0     Dex 11      Spells:  6 memorised,  2 levels left

Res.Fire  : + + +   See Invis. : .   n - +4,+0 quarterstaff
Res.Cold  : x . .   Warding    : .   a - +0 robe
Life Prot.: + + +   Conserve   : .   (no shield)
Res.Poison: .       Res.Corr.  : .   b - +0 wizard hat
Res.Elec. : .       Clarity    : .   (no cloak)
Sust.Abil.: . .     Spirit.Shd : .   (no gloves)
Res.Mut.  : .       Stasis     : .   (boots unavailable)
Res.Rott. : .       Flight     : .   (no amulet)
Saprovore : . . .                    (no ring)
                                     q - +3 ring of evasion

@: very slightly contaminated, slightly resistant to hostile enchantments,
unstealthy
A: no striking features
a: no special abilities


You were on level 3 of the Dungeon.
You were not hungry.

You visited 1 branch of the dungeon, and saw 4 of its levels.

You collected 69 gold pieces.

Inventory:

Hand weapons
 h - a +2,+1 hand axe of flaming (quivered)
 k - a +1,+1 sling of flame
 n - a +4,+0 quarterstaff (weapon)
Armour
 a - a +0 robe (worn)
 b - a +0 wizard hat (worn)
Scrolls
 e - 3 scrolls of curse weapon {unknown}
 i - a scroll of remove curse {unknown}
 j - 2 scrolls of enchant armour {unknown}
 m - a scroll of enchant weapon I {unknown}
 o - 2 scrolls of identify {unknown}
 p - a scroll of enchant weapon II {unknown}
 s - a scroll of curse jewellery {unknown}
Jewellery
 q - a +3 ring of evasion (left hand)
 t - an uncursed amulet of rage {unknown}
Potions
 d - a potion of confusion {unknown}
 f - 2 potions of restore abilities
 g - 2 potions of agility {unknown}
 l - a potion of heal wounds {unknown}
Books
 c - a book of Minor Magic

   Spells                             Type                      Level
   *Magic Dart                        Conjuration                  1
   *Blink                             Translocation                2
   *Call Imp                          Summoning                    2
   *Repel Missiles                    Charms/Air                   2
   Slow                               Hexes                        2
   *Conjure Flame                     Conjuration/Fire             3
   *Mephitic Cloud                    Conjuration/Poison/Air       3


   Skills:
 - Level 1.7 Dodging
 - Level 1.5 Stealth
 + Level 5.5 Spellcasting
 * Level 3.1 Conjurations
 + Level 2.0 Summonings
 + Level 1.0 Translocations
 + Level 0.3 Fire Magic


You had 2 spell levels left.
You knew the following spells:

 Your Spells              Type           Power        Failure   Level  Hunger
a - Magic Dart            Conj           ###.         4%          1    None
b - Blink                 Tloc           N/A          14%         2    None
c - Call Imp              Summ           ##........   10%         2    None
d - Conjure Flame         Conj/Fire      ##......     17%         3    ##.....
e - Mephitic Cloud        Conj/Pois/Air  #.......     28%         3    ##.....
f - Repel Missiles        Chrm/Air       #.........   21%         2    None


Dungeon Overview and Level Annotations

Branches:
Dungeon (4/27)
 Temple: D:4-7

Altars:

Annotations
D:2 Sigmund
D:4 Eustachio


Message History

The orc wizard mumbles some strange words.
The orc wizard flickers and vanishes!
A bat comes into view.
There is an open door here.
The bat hits you but does no damage.
You miss the bat. The bat barely misses you. The bat closely misses you.
The bat misses you. The bat completely misses you. The bat closely misses you.
You are confused.
The bat completely misses you. The magic dart hits you!
* * * LOW HITPOINT WARNING * * *
The bat closely misses you.
Ouch! The bat hits you.
* * * LOW HITPOINT WARNING * * *
Drink which item? (? for menu, Esc to quit)
You feel better. The bat hits you but does no damage.
The bat hits you but does no damage. The magic dart hits you!
You die...

........'....>...............#
#########........###'#######)#
#########......# ###'####
####### #..{...# #.......
......# #......# #.......
......# #......# #.......
......# #......# #.......
......# ####......# #.......
......# #..@b.....# #.......
......# #.###'#'### ###'#'##
......# #.......# #.#...
......# ######.......# #.####
####### #....#.......# #.....
#....#.###.#.# ######
#....#.#...#.#
#....#.###.#.######
#....#............#######


You could see a bat.

Vanquished Creatures
  An orc priest (D:3)
  A gnoll (D:3)
  2 adders
  A white imp (D:3)
  A worm (D:3)
  4 giant geckos
  An orc (D:3)
  7 bats
  2 giant cockroaches
  8 goblins
  5 hobgoblins
  2 jackals (D:3)
  3 kobolds
  A quokka (D:1)
  A ball python (D:2)
  4 giant newts
  5 rats
49 creatures vanquished.

Vanquished Creatures (collateral kills)
  An orc priest (D:3)
  Ijyb (D:3)
  4 adders (D:3)
  A gnoll (D:3)
  3 orcs (D:3)
  2 hobgoblins
  A kobold (D:3)
13 creatures vanquished.

Vanquished Creatures (others)
  A crimson imp (D:3)
  A white imp (D:3)
  An orc (D:4)
3 creatures vanquished.

Grand Total: 65 creatures vanquished

Notes
Turn   | Place    | Note
--------------------------------------------------------------
     0 | D:1      | JogiH, the Djinni Wizard, began the quest for the Orb.
     0 | D:1      | Reached XP level 1. HP: 14/14 MP: 0/0
   220 | D:1      | Reached skill level 4 in Spellcasting
   372 | D:1      | Reached XP level 2. EP: 19/23
   407 | D:1      | Learned a level 2 spell: Blink
   410 | D:1      | Learned a level 2 spell: Call Imp
  1649 | D:2      | HP: 1/23 [adder (4)]
  1650 | D:2      | Reached XP level 3. EP: 1/29
  1655 | D:2      | HP: 1/29 [poisoned by an adder]
  1903 | D:2      | Noticed Sigmund
  2575 | D:3      | Reached skill level 5 in Spellcasting
  2575 | D:3      | Reached XP level 4. EP: 11/38
  2892 | D:3      | Learned a level 3 spell: Conjure Flame
  2896 | D:3      | Learned a level 3 spell: Mephitic Cloud
  3341 | D:4      | Noticed Eustachio
  3684 | D:3      | Noticed Ijyb
  3715 | D:3      | Killed Ijyb
  4007 | D:3      | Reached XP level 5. EP: 44/44
  4035 | D:3      | Learned a level 2 spell: Repel Missiles
  5248 | D:3      | HP: 2/44 [poisoned by an orc wizard]
  5256 | D:3      | HP: 2/44 [poisoned by an orc wizard]
  5261 | D:3      | HP: 1/44 [poisoned by an orc wizard]
  5286 | D:3      | Killed from afar by an orc wizard

Action                   |  1- 3 |  4- 6 || total
-------------------------+-------+-------++-------
Melee: Unarmed           |    10 |       ||    10
       Quarterstaff      |       |    17 ||    17
 Cast: Magic Dart        |    71 |    48 ||   119
       Call Imp          |     9 |    17 ||    26
       Conjure Flame     |       |     3 ||     3
       Mephitic Cloud    |       |     2 ||     2
  Use: Potion            |     3 |     2 ||     5
